 Dungeon Crawl Stone Soup version 0.31-a0-237-g2d982f9f85 (webtiles) character file.

Game seed: 18171589069331858015

123 qw the Shooter (level 4, -7/36 HPs)
             Began as a Minotaur Hexslinger on July 11, 2023.
             Killed by nerve-wracking pain
             ... invoked by Grinder
              (10 damage)
             ... on level 3 of the Dungeon.
             The game lasted 00:00:41 (2517 turns).

qw the Shooter (Minotaur Hexslinger)                Turns: 2517, Time: 00:00:42

Health: -7/36      AC:  5    Str: 12    XL:     4   Next: 80%
Magic:  4/4        EV: 11    Int: 10    God:
Gold:   144        SH:  0    Dex: 15    Spells: 4/5 levels left

rFire   . . .        Y - +2 sling (drain)
rCold   . . .        (no shield)
rNeg    . . .        d - +0 ring mail
rPois   .            (helmet restricted)
rElec   .            (no cloak)
rCorr   .            (no gloves)
SInv    .            (no boots)
Will    .....        (no amulet)
Stlth   +            (no ring)
HPRegen 0.26/turn    (no ring)
MPRegen 0.09/turn

%: no passive effects
@: no status effects
A: horns 2, retaliatory headbutt
a: no special abilities


You were on level 3 of the Dungeon.
You visited 1 branch of the dungeon, and saw 3 of its levels.

You collected 144 gold pieces.


Innate Abilities, Weirdness & Mutations

You have a pair of horns on your head.
You reflexively headbutt those who attack you in melee.


   Skills:
 - Level 2.0 Fighting
 + Level 4.8 Ranged Weapons
 - Level 2.2 Armour
 - Level 2.1 Dodging
 - Level 1.0 Spellcasting
 - Level 2.0 Hexes


You had 4 spell levels left.
You knew the following spells:

 Your Spells              Type           Power      Damage    Failure   Level
a - Slow                  Hex            16%        N/A       32%         1

Your spell library contained the following spells:

 Spells                   Type           Power      Damage    Failure   Level
 Inner Flame              Hex/Fire       2%         N/A       83%         3
 Portal Projectile        Hex/Tloc       4%         N/A       83%         3
 Cause Fear               Hex            2%         N/A       97%         4

Inventory:

Hand Weapons
 Y - a +2 sling of draining (weapon)
Armour
 d - a +0 ring mail (worn)
Scrolls
 a - a scroll of fear {unknown}
 c - 2 scrolls of identify
Potions
 b - 2 potions of enlightenment {unknown}
 e - 2 potions of degeneration {unknown}
 f - 2 potions of haste {unknown}
 g - a potion of berserk rage {unknown}

Dungeon Overview and Level Annotations

Branches:
Dungeon (3/15)

Altars:

Annotations:
D:3 Grinder


Message History

Enter note:
Enter note:
Enter note:
Enter note:
Enter note:
Enter note:
There is an escape hatch in the ceiling here.
Enter note:
Enter note:
Enter note:
Enter note:
Enter note:
Enter note: You shoot a sling bullet.
The sling bullet hits Grinder.
Grinder is lightly wounded.
You shoot a sling bullet.
The sling bullet closely misses Grinder.
Grinder gestures at you. Pain shoots through your body!
You shoot a sling bullet.
The sling bullet completely misses Grinder.
You shoot a sling bullet. The sling bullet hits Grinder!
Grinder is moderately wounded.
You shoot a sling bullet. The sling bullet barely misses Grinder.
Grinder gestures at you.
You suddenly lose the ability to move!
Grinder hits you. Grinder hits you! Grinder gestures at you.
You shrug off the repeated paralysis!
You can move again.
You shoot a sling bullet.
The sling bullet closely misses Grinder.
Grinder barely misses you.
You shoot a sling bullet. The sling bullet barely misses Grinder.
Grinder hits you.
You writhe in agony.
You shoot a sling bullet. The sling bullet barely misses Grinder.
Grinder gestures at you. Pain shoots through your body!
You die...

###..#.#.#######.####.#.#
##.#.#.##.........#.#.#
#.#.#.##.........#...#
#...#.##.........#####
###.#.##.........#
#.#.#######.####
######...# ##.###
..[....(.# #.5..#
.#####...######.@..# .#
#.#......#....# .#
####..##.##.### .#
##....##.# .# ###..##.##
.# ##.##.:# .#
###.....### .#
#.#.##....##### .#
#...##........#########


You could see Grinder.

Vanquished Creatures
  A jelly (D:3)
  Ijyb (D:3)
  2 adders (D:2)
  A worm (D:2)
  A dart slug (D:1)
  5 endoplasms
  3 giant cockroaches
  8 hobgoblins
  4 ball pythons
  2 bats (D:2)
  3 frilled lizards
  4 goblins
  5 kobolds
  7 rats
47 creatures vanquished.

Notes
Turn   | Place    | Note
-------+----------+-------------------------------------------
     0 | D:1      | qw the Minotaur Hexslinger began the quest for the Orb.
     0 | D:1      | Reached XP level 1. HP: 16/16 MP: 1/1
     0 | D:1      | 0 ||| qw: Version: 0.3-a-52-g30416fa
     0 | D:1      | 0 ||| qw: Game counter: 5579
     0 | D:1      | 0 ||| qw: Melee chars always use a shield: true
     0 | D:1      | 0 ||| qw: God list: Okawaru
     0 | D:1      | 0 ||| qw: Allow faded altars: false
     0 | D:1      | 0 ||| qw: Do Orc after clearing Dungeon:15 true
     0 | D:1      | 0 ||| qw: Do second Lair branch before Depths: true
     0 | D:1      | 0 ||| qw: Lair rune preference: random
     0 | D:1      | 0 ||| qw: Goals: Normal
     0 | D:1      | 0 ||| PLANNING D:1-11
   431 | D:1      | Reached skill level 3 in Ranged Weapons
   433 | D:1      | Reached XP level 2. HP: 23/23 MP: 2/2
   443 | D:1      | 443 ||| SWAPPING to +2 sling of draining.
   444 | D:1      | 444 ||| DROPPING +1 sling.
   793 | D:1      | 793 ||| UPGRADING to +0 ring mail.
   803 | D:1      | 803 ||| DROPPING +0 robe.
   804 | D:1      | 804 ||| READING scroll labelled SUUHAR GUCOMAI.
   807 | D:1      | 807 ||| DROPPING scroll of poison.
   934 | D:2      | HP: 6/24 [poisoned by an adder]
   939 | D:2      | HP: 2/24 [poisoned by an adder]
  1071 | D:2      | Reached XP level 3. HP: 29/29 MP: 3/3
  1402 | D:2      | Reached skill level 4 in Ranged Weapons
  1623 | D:2      | 1623 ||| READING scroll labelled XAINUIRPH MYLE.
  1624 | D:2      | 1624 ||| DRINKING 2 sapphire potions.
  1870 | D:3      | Noticed Grinder
  1871 | D:3      | Paralysed by Grinder for 4 turns
  1877 | D:3      | HP: 5/29 [Grinder/nerve-wracking pain (13)]
  1878 | D:3      | 1878 ||| READING scroll of teleportation.
  1879 | D:3      | 1879 ||| DRINKING potion of heal wounds.
  1890 | D:3      | Noticed Ijyb
  1898 | D:3      | Killed Ijyb
  1899 | D:3      | Reached XP level 4. HP: 23/36 MP: 4/4
  2227 | D:3      | Paralysed by Grinder for 3 turns
  2235 | D:3      | Paralysed by Grinder for 2 turns
  2239 | D:3      | HP: 9/36 [Grinder (6)]
  2240 | D:3      | 2240 ||| READING scroll of teleportation.
  2511 | D:3      | Paralysed by Grinder for 4 turns
  2516 | D:3      | HP: 9/36 [Grinder (4)]
  2516 | D:3      | HP: 3/36 [Grinder (6)]
  2517 | D:3      | Killed from afar by Grinder

Levels and vault maps discovered:
D:1:      lemuel_arrival_river_bridge, layout_basic
D:2:      layout_basic
D:3:      layout_basic, uniq_ijyb, uniq_grinder

Skill      XL: |  1  2  3 |
---------------+----------+-----
Ranged Weapons | 3 4 |  4.8
Fighting       | 2 |  2.0
Armour         | 2 |  2.2
Dodging        | |  2.1
Spellcasting   | |  1.0
Hexes          | |  2.0

Action                     |  1- 3 |  4- 6 || total
---------------------------+-------+-------++-------
   Fire: Sling             |   104 |    51 ||   155
    Use: Scroll            |     3 |     1 ||     4
         Potion            |     2 |       ||     2
 Armour: Ring mail         |    15 |     3 ||    18
  Dodge: Dodged            |    23 |    14 ||    37

Table legend:
 A = Non-vault XP
 B = Vault XP
 C = Vault XP percentage of total XP
 D = Non-vault monster count
 E = Vault monster count
 F = Vault count percentage of total count
                 A         B        C        D         E       F
            +---------+---------+-------+---------+---------+-------
      Total |     141 |      36 |  20.3 |      46 |       1 |   2.1
            +---------+---------+-------+---------+---------+-------
        D:1 |      22 |       0 |   0.0 |      13 |       0 |   0.0
        D:2 |      58 |       0 |   0.0 |      19 |       0 |   0.0
        D:3 |      61 |      36 |  37.1 |      14 |       1 |   6.7
            +---------+---------+-------+---------+---------+-------
